 Dungeon Crawl Stone Soup version 0.20.1-1-g8b1a95d (webtiles) character file.

33978 Softman25 the Bludgeoner (level 13, -12/127 HPs)
             Began as a Deep Dwarf Fighter on Sept 23, 2017.
             Was a High Priest of Makhleb.
             Killed by divine providence
             ... invoked by a balrug
             ... summoned by the player character
              (15 damage)
             ... on level 5 of the Lair of Beasts.
             The game lasted 00:36:29 (12795 turns).

Softman25 the Bludgeoner (Deep Dwarf Fighter)      Turns: 12795, Time: 00:36:30

Health: -12/127    AC: 26    Str: 20    XL:     13   Next: 39%
Magic:  18/18      EV:  8    Int: 10    God:    Makhleb [*****.]
Gold:   483        SH: 11    Dex: 18    Spells: 11/12 levels left

rFire    . . .     SeeInvis .   k - +10 morningstar "Eos" {elec, Halo rElec}
rCold    + . .     Gourm    .   c - +0 shield
rNeg     + + .     Faith    .   L - +7 chain mail "Diah" {rElec Regen+ Stlth+}
rPois    +         Spirit   .   C - +2 helmet
rElec    +         Reflect  .   T - +2 cloak
rCorr    .         Harm     .   R - +2 pair of gloves of Fun {rN++ MR+}
MR       ++...                  Y - +0 pair of boots
Stlth    ..........             G - amulet of magic regeneration
Regen    0.0/turn               J - +2 ring of evasion
MPRegen  0.3/turn               I - ring "Tunips" {*Drain rElec rPois rC+ Dex+2}

@: about to teleport, non-regenerating, glowing
A: damage resistance, heal wounds, fangs 1, hooves 1, sense surroundings 2, no
regeneration
a: Heal Wounds, Minor Destruction, Lesser Servant of Makhleb, Major Destruction,
Greater Servant of Makhleb, Renounce Religion


You were on level 5 of the Lair of Beasts.
You worshipped Makhleb.
Makhleb was extremely pleased with you.
You were not hungry.

You visited 3 branches of the dungeon, and saw 18 of its levels.

You collected 1059 gold pieces.
You spent 576 gold pieces at shops.

Inventory:

Hand Weapons
 k - the +10 morningstar "Eos" (weapon) {elec, Halo rElec}
   (You found it on level 4 of the Dungeon)

   Occasionally, upon striking a foe, it will discharge some electrical energy
   and cause terrible harm.
   It insulates you from electricity.
Armour
 c - a +0 shield (worn)
 v - a +2 hat of see invisible
 C - a +2 helmet (worn)
 L - the +7 chain mail "Diah" (worn) {rElec Regen+ Stlth+}
   (You bought it in a shop on level 11 of the Dungeon)

   It insulates you from electricity.
   It increases your rate of regeneration.
   It makes you more stealthy.
 R - the +2 pair of gloves of Fun (worn) {rN++ MR+}
   (You found it on level 2 of the Lair of Beasts)

   It greatly protects you from negative energy.
   It affects your resistance to hostile enchantments.
 T - a +2 cloak (worn)
 Y - a +0 pair of boots (worn)
Jewellery
 G - an amulet of magic regeneration (around neck)
 I - the ring "Tunips" (right hand) {*Drain rElec rPois rC+ Dex+2}
   (You found it on level 8 of the Dungeon)

   [ring of poison resistance]

   It affects your dexterity (+2).
   It protects you from cold.
   It insulates you from electricity.
   It protects you from poison.
   It causes draining when unequipped.
 J - a +2 ring of evasion (left hand)
Wands
 u - a wand of digging (24/24)
 B - a wand of flame (19/48)
 N - a wand of iceblast (11/15)
Scrolls
 e - 8 scrolls of teleportation
 g - a scroll of enchant armour
 h - 4 scrolls of fog
 o - 3 scrolls of recharging
 r - a scroll of identify {@r1}
 s - a scroll of blinking
 w - 9 scrolls of remove curse {@r2}
 x - 2 scrolls of enchant weapon
 y - 2 scrolls of fear
 F - a scroll of magic mapping
Potions
 a - a potion of cancellation
 b - 3 potions of agility
 d - 4 potions of might
 i - 2 potions of flight
 l - 8 potions of lignification
 m - 3 potions of invisibility
 n - 9 potions of curing {@q1}
 p - 3 potions of heal wounds
 q - 6 potions of mutation
 z - 3 potions of haste
 D - 2 potions of resistance
 E - 2 potions of ambrosia
 U - 2 potions of berserk rage
 Z - a potion of brilliance
Comestibles
 f - 13 bread rations
 j - 12 royal jellies
 t - 8 meat rations
 A - 2 chunks of flesh
 O - 16 fruits


   Skills:
 + Level 11.3 Fighting
   Level 4.3(11.9) Axes
 * Level 15.4(15.6) Maces & Flails
 - Level 3.2 Armour
 - Level 7.2 Shields
 + Level 12.0 Invocations


You had 11 spell levels left.
You knew the following spells:

 Your Spells              Type           Power        Failure   Level  Hunger
a - Corona                Hex            #......      100%        1    ##.....


Dungeon Overview and Level Annotations

Branches:
Dungeon (12/15)            Temple (1/1) D:5            Lair (5/6) D:9
 Shoals (0/4) Lair:3        Snake (0/4) Lair:2          Orc (0/2) D:12
  Slime: Lair:5-6

Altars:
Ashenzari
Cheibriados
Dithmenos
Elyvilon
Fedhas
Gozag
Hepliaklqana
Kikubaaqudgha
Makhleb
Nemelex Xobeh
Okawaru
Qazlal
Ru
Sif Muna
Trog
Uskayaw
Vehumet
Xom
Yredelemnul
Zin
The Shining One

Shops:
D:4 (?*[   D:7 :   D:8 !   D:11 ?[}   D:12 }

Annotations:
Lair:2 exclusion: oklob plant


Innate Abilities, Weirdness & Mutations

You are resistant to damage.
You can heal yourself by infusing magical energy.
You passively map the area around you.
You do not regenerate.
You have very sharp teeth.
You have large cloven feet.


Message History

The balrug gestures at you. The bolt of fire hits you!
The water moccasin barely misses you.
You are covered in liquid flames!
The balrug gestures at you. The bolt of fire hits you!
* * * LOW HITPOINT WARNING * * *
You are covered in liquid flames!
* * * LOW HITPOINT WARNING * * *
You block the water moccasin's attack. You block the water moccasin's attack.
As you read the scroll of teleportation, it crumbles to dust.
You feel strangely unstable. The balrug gestures at you. Makhleb smites you!
* * * LOW HITPOINT WARNING * * *
The water moccasin bites you but does no damage.
The spiny frog barely misses you. The balrug gestures at you.
Makhleb smites you!
You die...

.............................. ,
.........<....................
........>.....................
.............................P ,*
.............................P,
...........................##P,,
.............................
.............................. ,
................@S.............
.................FYY.Y..........Y
##.........................P...Y.
##.................YY............
.................................
.....................2.......#...
..............................#.(
.................................
.#.........[.....................


You could see a balrug, 5 elephants, a spiny frog and a water moccasin.

Vanquished Creatures
  Gastronok (Lair:2)
  Josephine (D:12)
  2 hydras
  Erica (Lair:2)
  A death yak (Lair:5)
  Urug (Lair:5)
  3 elephants (Lair:5)
  4 cyclopes (D:12)
  2 manticores
  3 black mambas
  3 centaur zombies
  Psyche (D:11)
  9 spiny frogs
  A rime drake (Lair:5)
  10 komodo dragons
  2 trolls
  2 hornets
  A polar bear (Lair:4)
  A merfolk (Lair:3)
  Prince Ribbit (D:5)
  4 blink frogs (Lair:5)
  6 hippogriffs
  4 wyverns
  3 wraiths (D:12)
  A human (D:7)
  Grum (D:8)
  4 yaks
  4 hogs
  A basilisk (Lair:4)
  3 vampire mosquitoes (D:12)
  Menkaure (D:5)
  2 wargs (D:9)
  3 nagas (Lair:2)
  12 water moccasins
  6 orc warriors
  A porcupine (Lair:4)
  A swamp drake (D:12)
  A black bear (Lair:2)
  2 sky beasts
  2 necrophages
  5 phantoms
  5 ice beasts
  3 wolves (D:8)
  5 centaurs
  5 ogres
  4 crocodiles
  11 bullfrogs
  6 big kobolds
  3 wyvern skeletons
  A water moccasin skeleton (D:10)
  A scorpion (D:4)
  5 wights (D:10)
  8 killer bees
  An electric eel (Lair:3)
  7 crimson imps
  2 centaur skeletons
  2 jellies
  7 orc priests
  5 hounds
  11 orc wizards
  Crazy Yiuf (D:5)
  3 iguanas
  8 worker ants
  Ijyb (D:3)
  Natasha (twice) (D:4)
  A killer bee zombie (D:4)
  A hound zombie (D:5)
  A hound skeleton (D:5)
  3 worker ant zombies
  7 adders
  4 gnolls (D:4)
  A shadow imp (D:10)
  3 oozes
  An adder skeleton (D:9)
  2 worms
  2 dart slugs
  3 leopard geckos
  51 orcs
  2 ball pythons (D:1)
  6 bats
  5 giant cockroaches
  6 goblins
  8 hobgoblins
  5 jackals
  3 quokkas
  3 frilled lizards
  A jackal skeleton (D:5)
  A jackal zombie (D:7)
  35 kobolds
  A leopard gecko skeleton (D:5)
  6 rats
  A plant (Lair:5)
387 creatures vanquished.

Vanquished Creatures (collateral kills)
  Kirke (Lair:5)
  4 elephants (Lair:5)
  A blink frog (Lair:5)
  A hog (Lair:5)
  An acid dragon (D:12)
  A black bear (D:12)
  An electric eel (Lair:5)
  A jelly (D:12)
  A bullfrog skeleton (D:12)
12 creatures vanquished.

Vanquished Creatures (others)
  A human (Lair:5)
  2 fungi (Lair:5)
  A plant (Lair:5)
4 creatures vanquished.

Grand Total: 403 creatures vanquished

Notes
Turn   | Place    | Note
-------+----------+-------------------------------------------
     0 | D:1      | Softman25 the Deep Dwarf Fighter began the quest for the Orb.
     0 | D:1      | Reached XP level 1. HP: 20/20 MP: 1/1
    49 | D:1      | Reached XP level 2. HP: 27/27 MP: 2/2
   404 | D:1      | Reached XP level 3. HP: 30/34 MP: 3/3
   686 | D:2      | Found an iron altar of Okawaru.
  1177 | D:2      | Found a glowing golden altar of the Shining One.
  1287 | D:2      | Found a sacrificial altar of Ru.
  1654 | D:3      | Reached XP level 4. HP: 32/42 MP: 4/4
  2017 | D:3      | Noticed Ijyb
  2057 | D:3      | Killed Ijyb
  2206 | D:4      | Found a snail-covered altar of Cheibriados.
  2251 | D:4      | Noticed an ogre
  2283 | D:3      | Killed an ogre
  2283 | D:3      | Reached XP level 5. HP: 19/50 MP: 5/5
  2302 | D:4      | Reached skill level 5 in Shields
  2315 | D:4      | Noticed Natasha
  2331 | D:4      | Killed Natasha
  2366 | D:4      | Found a sparkling altar of Nemelex Xobeh.
  2413 | D:4      | Reached XP level 6. HP: 53/57 MP: 6/6
  2466 | D:4      | Found a shattered altar of Ashenzari.
  2474 | D:4      | Found Fyggamep's Antique Armour Boutique.
  2480 | D:4      | Noticed Natasha
  2508 | D:4      | Killed Natasha
  2514 | D:4      | Bought a runed hat for 112 gold pieces
  2868 | D:4      | Found Yfups's Magic Scroll Boutique.
  2873 | D:4      | Bought a scroll of remove curse for 30 gold pieces
  2873 | D:4      | Bought a scroll of magic mapping for 35 gold pieces
  2889 | D:4      | Found Basches's Antique Weapon Shoppe.
  2893 | D:4      | Reached skill level 1 in Maces & Flails
  3006 | D:4      | Found Ygepp's General Store.
  3106 | D:5      | Entered Level 5 of the Dungeon
  3129 | D:5      | Reached XP level 7. HP: 66/66 MP: 5/5
  3143 | D:5      | Reached skill level 2 in Maces & Flails
  3144 | D:5      | Reached skill level 5 in Fighting
  3169 | D:5      | Found a transporter.
  3200 | D:5      | Reached skill level 3 in Maces & Flails
  3217 | D:5      | Found a transporter.
  3245 | D:5      | Found a deep blue altar of Sif Muna.
  3333 | D:5      | Noticed Menkaure
  3348 | D:5      | Killed Menkaure
  3348 | D:5      | Reached skill level 4 in Maces & Flails
  3355 | D:5      | Reached XP level 8. HP: 61/75 MP: 6/6
  3408 | D:5      | Noticed Prince Ribbit
  3419 | D:5      | Killed Prince Ribbit
  3443 | D:5      | Reached skill level 5 in Maces & Flails
  3459 | D:5      | Found a runed door.
  3463 | D:5      | Noticed Crazy Yiuf
  3467 | D:5      | Killed Crazy Yiuf
  3514 | D:5      | Found a shimmering altar of Xom.
  3612 | D:5      | Found a staircase to the Ecumenical Temple.
  3617 | Temple   | Entered the Ecumenical Temple
  3968 | Temple   | Became a worshipper of Makhleb the Destroyer
  4049 | D:5      | Reached skill level 1 in Invocations
  4183 | D:6      | Found a bloodstained altar of Trog.
  4260 | D:6      | Reached skill level 6 in Maces & Flails
  4685 | D:7      | Gained mutation: You passively map the area around you. [Deep Dwarf growth]
  4685 | D:7      | Reached XP level 9. HP: 56/82 MP: 9/9
  4692 | D:7      | Reached skill level 7 in Maces & Flails
  4707 | D:7      | Reached skill level 5 in Invocations
  4905 | D:7      | Found Esuvosi's Book Shop.
  5132 | D:7      | Reached * piety under Makhleb
  5153 | D:7      | Reached skill level 8 in Maces & Flails
  5308 | D:8      | Found Asocof's Distillery.
  5317 | D:8      | Bought a potion of lignification for 36 gold pieces
  5317 | D:8      | Bought a potion of degeneration for 12 gold pieces
  5400 | D:8      | Found a shattered altar of Ashenzari.
  5404 | D:8      | Saw a vision of the Shoals and the Snake Pit.
  5404 | D:8      | Noticed a merfolk siren
  5404 | D:8      | Noticed a merfolk
  5404 | D:8      | Noticed a naga ritualist
  5404 | D:8      | Noticed a black mamba
  5404 | D:8      | Noticed a merfolk siren
  5404 | D:8      | Noticed a merfolk siren
  5404 | D:8      | Noticed a naga mage
  5404 | D:8      | Noticed a naga sharpshooter
  5404 | D:8      | Noticed a sea snake
  5404 | D:8      | Noticed a merfolk siren
  5404 | D:8      | Noticed a black mamba
  5404 | D:8      | Noticed a black mamba
  5530 | D:8      | Got a transparent ivory ring
  5557 | D:8      | Found a blossoming altar of Fedhas.
  5578 | D:8      | Identified the ring "Tunips" {*Drain rElec rPois rC+ Dex+2} (You found it on level 8 of the Dungeon)
  5697 | D:8      | Noticed Grum
  5707 | D:8      | Reached XP level 10. HP: 89/94 MP: 13/13
  5711 | D:8      | Killed Grum
  5797 | D:8      | Gained mutation: You have very sharp teeth. [potion of mutation]
  5797 | D:8      | Gained mutation: You have large cloven feet. [potion of mutation]
  6149 | D:9      | Reached skill level 9 in Maces & Flails
  6411 | D:9      | Found a staircase to the Lair.
  6432 | D:9      | Reached ** piety under Makhleb
  6925 | D:10     | Entered Level 10 of the Dungeon
  7028 | D:10     | Reached skill level 10 in Invocations
  7039 | D:10     | Reached skill level 10 in Maces & Flails
  7054 | D:10     | Reached *** piety under Makhleb
  7236 | D:10     | Reached XP level 11. HP: 103/103 MP: 14/16
  7513 | D:11     | Noticed Psyche
  7519 | D:11     | Killed Psyche
  7567 | D:11     | Found Utticw's Magic Scroll Emporium.
  7583 | D:11     | Found Qiotreh's Antique Armour Emporium.
  7610 | D:11     | Found Nikhlaxo's Gadget Shop.
  7775 | D:11     | Reached **** piety under Makhleb
  8220 | D:12     | Reached skill level 11 in Maces & Flails
  8306 | D:12     | Found Nenak's Gadget Shop.
  8443 | D:11     | Bought a translucent chain mail for 351 gold pieces
  8453 | D:11     | Identified the +7 chain mail "Diah" {rElec Regen+ Stlth+} (You bought it in a shop on level 11 of the Dungeon)
  8532 | D:12     | Noticed Josephine
  8538 | D:12     | Killed Josephine
  8638 | D:12     | Found a staircase to the Orcish Mines.
  8749 | D:12     | Reached skill level 12 in Maces & Flails
  9294 | Lair:1   | Entered Level 1 of the Lair of Beasts
  9558 | Lair:1   | Reached XP level 12. HP: 73/115 MP: 16/16
  9881 | Lair:2   | Noticed Gastronok
  9890 | Lair:2   | Killed Gastronok
  9890 | Lair:2   | Reached skill level 13 in Maces & Flails
 10028 | Lair:2   | Reached skill level 10 in Fighting
 10053 | Lair:2   | Noticed Erica
 10059 | Lair:2   | Killed Erica
 10288 | Lair:2   | Found a staircase to the Snake Pit.
 10518 | Lair:2   | Got a pair of jewelled gloves
 10529 | Lair:2   | Identified the +2 pair of gloves of Fun {rN++ MR+} (You found it on level 2 of the Lair of Beasts)
 10956 | Lair:3   | Noticed an eight-headed hydra
 10963 | Lair:3   | Killed an eight-headed hydra
 11061 | Lair:3   | Reached ***** piety under Makhleb
 11061 | Lair:3   | Reached skill level 14 in Maces & Flails
 11336 | Lair:3   | Found a staircase to the Shoals.
 12202 | Lair:5   | Reached XP level 13. HP: 126/126 MP: 17/17
 12275 | Lair:5   | Learned a level 1 spell: Corona
 12324 | Lair:5   | Reached skill level 15 in Maces & Flails
 12392 | Lair:5   | Noticed Kirke
 12404 | Lair:5   | Killed Kirke
 12650 | Lair:5   | Noticed Urug
 12671 | Lair:5   | Killed Urug
 12785 | Lair:5   | Noticed a balrug
 12794 | Lair:5   | HP: 3/127 [balrug/divine providence[the player character] (10)]
 12795 | Lair:5   | Killed from afar by a balrug

Skill      XL: |  1  2  3  4  5  6  7  8  9 10 11 12 13 |
---------------+----------------------------------------+-----
Fighting       | 3 4 5 6 7 8 9 10 11 | 11.3
Shields        | 4 5 6 7 |  7.2
Axes           | 3 4 |  4.3
Maces & Flails | 1 4 6 8 10 12 14 15 | 15.4
Invocations    | 3 7 10 11 12 | 12.0
Armour         | |  3.2

Action                   |  1- 3 |  4- 6 |  7- 9 | 10-12 | 13-15 || total
-------------------------+-------+-------+-------+-------+-------++-------
Melee: War axe           |   118 |       |       |       |       ||   118
       Hand axe          |    19 |   147 |       |       |       ||   166
       Unarmed           |       |     4 |       |       |       ||     4
       Morningstar       |       |     9 |   167 |   462 |    83 ||   721
       Kick              |       |       |       |   144 |       ||   144
       Bite              |       |       |       |    45 |    13 ||    58
Invok: Lesser Servant of |       |       |       |     5 |     2 ||     7
       Minor Destruction |       |       |       |     1 |       ||     1
       Greater Servant o |       |       |       |       |     1 ||     1
 Abil: Heal Wounds       |     1 |     6 |     5 |     3 |     1 ||    16
Evoke: Wand              |       |       |       |     1 |       ||     1
  Use: Scroll            |       |    11 |     6 |     6 |    10 ||    33
       Potion            |       |       |       |     1 |       ||     1
  Eat: Chunk             |     2 |     5 |     2 |    15 |     2 ||    26
       Fruit             |       |     2 |       |     2 |       ||     4
       Meat ration       |       |       |     1 |       |       ||     1
       Bread ration      |       |       |       |     1 |       ||     1
Armor: Scale mail        |    54 |    56 |    39 |    86 |       ||   235
       Chain mail        |       |       |       |    69 |    53 ||   122
Dodge: Dodged            |    42 |    41 |    33 |   116 |    22 ||   254
Block: Shield            |    74 |    67 |    85 |   236 |    35 ||   497
